 Dungeon Crawl Stone Soup version 0.28-a0-1510-gd0f6b136d3 (webtiles) character file.

Game seed: 5581267195509745854

1 murtidash the Sneak (level 1, -4/20 HPs)
             Began as a Hill Orc Delver on Jan 16, 2022.
             Slain by a killer bee zombie (5 damage)
             ... on level 3 of the Dungeon.
             The game lasted 00:00:40 (266 turns).

murtidash the Sneak (Hill Orc Delver)                Turns: 266, Time: 00:00:41

Health: -4/20      AC:  3    Str: 14    XL:     1   Next: 20%
Magic:  1/1        EV: 11    Int: 10    God:
Gold:   33         SH:  0    Dex: 12    Spells: 0/0 levels left

rFire   . . .      SeeInvis .   a - +0 hand axe
rCold   . . .      Faith    .   (no shield)
rNeg    . . .      Spirit   .   b - +0 leather armour
rPois   .          Reflect  .   (no helmet)
rElec   .          Harm     .   (no cloak)
rCorr   .          Rampage  .   (no gloves)
Will    .....                   (no boots)
Stlth   ++........              (no amulet)
HPRegen 0.06/turn               (no ring)
MPRegen 0.07/turn               (no ring)

@: hasted, very quick
A: no striking features
a: no special abilities


You were on level 3 of the Dungeon.
You visited 1 branch of the dungeon, and saw 3 of its levels.

You collected 33 gold pieces.

Inventory:

Hand Weapons
 a - a +0 hand axe (weapon)
Armour
 b - a +0 leather armour (worn)
Wands
 g - a wand of digging (3)
Scrolls
 c - a scroll of fog
 d - a scroll of magic mapping {!r}
 e - a scroll of fear
 h - 2 scrolls of identify {unknown}
Potions
 i - a potion of curing {unknown}


   Skills:
 + Level 3.7 Fighting
 + Level 2.8 Axes
 - Level 1.5 Dodging
 - Level 4.1 Stealth


You couldn't memorise any spells.
You didn't know any spells.
Your spell library was empty.

Dungeon Overview and Level Annotations

Branches:
Dungeon (5/15)
 Temple: D:4-7

Altars:


Message History

Welcome, murtidash the Hill Orc Delver.
Everyone else who sought the Orb of Zot has failed.
Will you be different?
Found 17 gold pieces.
Found a stone staircase leading down and a stone staircase leading up.
Lua error: attempt to yield across metamethod/C-call boundary You now have 17 gold pieces.
h - a scroll labelled YGREUBL KUJI
There is a stone staircase leading up here.
Unknown command.
You climb upwards.
There is a stone staircase leading down here.
An endoplasm comes into view.
You see here 4 gold pieces.
The helpless endoplasm fails to defend itself.
You hit the endoplasm. The endoplasm freezes you.
You are frozen.
You take 4 damage, and have 15/19 hp.
MASSIVE DAMAGE!!
You barely miss the endoplasm. The endoplasm freezes you.
You are frozen.
You take 4 damage, and have 11/19 hp.
MASSIVE DAMAGE!!
You are too injured to fight recklessly!
You are too injured to fight recklessly!
You are too injured to fight recklessly!
You are too injured to fight recklessly!
You are too injured to fight recklessly!
You are too injured to fight recklessly!
You are too injured to fight recklessly!
You are too injured to fight recklessly!
You are too injured to fight recklessly!
You are too injured to fight recklessly!
You are too injured to fight recklessly!
You are too injured to fight recklessly!
You are too injured to fight recklessly!
You are too injured to fight recklessly!
You are too injured to fight recklessly!
You are too injured to fight recklessly!
You are too injured to fight recklessly!
You are too injured to fight recklessly!
You hit the endoplasm.
You kill the endoplasm!
You now have 21 gold pieces (gained 4).
Found a stone staircase leading up.
Health restored: 20
There is a stone staircase leading up here.
You climb upwards.
There is a stone staircase leading down here.
h - 2 scrolls labelled YGREUBL KUJI (gained 1)
An orc comes into view. It is wielding a +0 club.
You now have 33 gold pieces (gained 12).
Found a whip.
Found a faded altar of an unknown god.
i - a black potion A killer bee zombie comes into view.
The killer bee zombie hits you but does no damage.
The killer bee zombie hits you but does no damage.
The killer bee zombie hits you!
You take 7 damage, and have 13/20 hp.
MASSIVE DAMAGE!!
The killer bee zombie hits you.
You take 4 damage, and have 9/20 hp.
The killer bee zombie hits you but does no damage.
The killer bee zombie hits you.
* * * LOW HITPOINT WARNING * * *
You take 4 damage, and have 5/20 hp.
The killer bee zombie misses you. The killer bee zombie hits you.
* * * LOW HITPOINT WARNING * * *
You take 4 damage, and have 1/20 hp.
The killer bee zombie barely misses you.
You can't see any enemies this would affect, really read the scroll of fear?
Okay, then.
You feel yourself speed up. The killer bee zombie misses you.
The killer bee zombie closely misses you.
The killer bee zombie hits you.
You die...

#####
#...#####...
#.#.@.......
#.[Z######.#
##.## #.#
#.#
#####.###
#...../.#
#.###...# #
##.# ###.#


You could see a killer bee zombie.

Vanquished Creatures
  An endoplasm (D:4)
1 creature vanquished.

Notes
Turn   | Place    | Note
-------+----------+-------------------------------------------
     0 | D:5      | murtidash the Hill Orc Delver began the quest for the Orb.
     0 | D:5      | Reached XP level 1. HP: 19/19 MP: 1/1
   231 | D:3      | Found a faded altar of an unknown god.
   256 | D:3      | HP: 1/20 [killer bee zombie (5)]
   266 | D:3      | Slain by a killer bee zombie

Illustrated notes

Levels and vault maps discovered:
D:3:      layout_loops_ring, mainiacjoe_overflow_catwalk, jmf_multi_god_temple2,
          ebering_ecumenical_altar_rust
D:4:      layout_loops_ring, grunt_decor_arrowhead, chequers_jeans,
          hangedman_abyss_or_decor_stabs, chequers_arboretum, uniq_ijyb,
          uniq_edmund
D:5:      layout_basic, minmay_mini_ossuary

Action                   || total
-------------------------++-------
Melee: Hand axe          ||     3
  Use: Potion            ||     1
 Stab: Sleeping          ||     1
Armor: Leather armour    ||     3
Dodge: Dodged            ||     4

Table legend: (Time is in decaauts)
 A = Elapsed time spent in this place.
 B = Non-inter-level travel time spent in this place.
 C = Inter-level travel time spent in this place.
 D = Time resting spent in this place.
 E = Time spent auto-exploring this place.
 F = Levels seen in this place.
 G = Mean time per level.
                   A        B        C        D        E       F      G
               +--------+--------+--------+--------+--------+-----+--------+
         Total |    263 |    255 |      8 |      0 |    167 |   3 |   87.7 |
       Dungeon |    263 |    255 |      8 |      0 |    167 |   3 |   87.7 |
               +--------+--------+--------+--------+--------+-----+--------+

Top non-repeatable levels by time:
     D:4: 169 daAuts
     D:3: 73 daAuts
     D:5: 21 daAuts

Table legend:
 A = Kills in this place as a percentage of kills in entire the game.
 B = Kills by you in this place as a percentage of kills by you in the entire game.
 C = Kills by friends in this place as a percentage of kills by friends in the entire game.
 D = Other kills in this place as a percentage of other kills in the entire game.
 E = Experience gained in this place as a percentage of experience gained in the entire game.
 F = Experience gained in this place divided by the number of levels of this place that you have seen.
                   A       B       C       D       E      F
               +-------+-------+-------+-------+-------+----------------------
         Total | 100.0 | 100.0 |   N/A |   N/A | 100.0 |   0.7
       Dungeon | 100.0 | 100.0 |   N/A |   N/A | 100.0 |   0.7
               +-------+-------+-------+-------+-------+----------------------
